 Dungeon Crawl Stone Soup version 0.27.1 (webtiles) character file.

Game seed: 14740915360572764476

71 Kala the Sneak (level 4, -3/24 HPs)
             Began as a Kobold Enchanter on Sept 2, 2021.
             Slain by a gnoll (7 damage)
             ... on level 2 of the Dungeon.
             The game lasted 00:06:50 (2330 turns).

Kala the Sneak (Kobold Enchanter)                   Turns: 2330, Time: 00:06:51

Health: -3/24      AC:  5    Str:  6    XL:     4   Next: 47%
Magic:  7/7        EV: 12    Int: 16    God:
Gold:   30         SH:  0    Dex: 15    Spells: 1/7 levels left

rFire    . . .     SeeInvis .   h - +1 dagger (elec)
rCold    . . .     Faith    .   (shield restricted)
rNeg     . . .     Spirit   .   d - +0 ring mail
rPois    .         Reflect  .   (no helmet)
rElec    .         Harm     .   (no cloak)
rCorr    .         Rampage  .   (no gloves)
Will     .....                  (no boots)
Stlth    +++.......             (no amulet)
HPRegen  0.08/turn              (no ring)
MPRegen  0.10/turn              (no ring)

@: no status effects
A: small, no large weapons, nightstalker 3
a: no special abilities


You were on level 2 of the Dungeon.
You visited 1 branch of the dungeon, and saw 2 of its levels.

You collected 30 gold pieces.

Inventory:

Hand Weapons
 h - a +1 dagger of electrocution (weapon)
Armour
 b - a +0 robe
 d - a +0 ring mail (worn)
Scrolls
 c - a scroll of fog {unknown}
 e - 3 scrolls of teleportation {unknown}
Potions
 f - a potion of brilliance {unknown}
 g - a potion of curing {unknown}


   Skills:
 + Level 0.1 Fighting
 + Level 2.1 Short Blades
 * Level 0.6 Armour
 + Level 2.9 Dodging
 * Level 4.8 Stealth
 + Level 2.3 Spellcasting
 * Level 3.8 Hexes


You had one spell level left.
You knew the following spells:

 Your Spells              Type           Power      Damage    Failure   Level
a - Corona                Hex            15%        N/A       16%         1
b - Ensorcelled Hibernat  Hex/Ice        16%        N/A       47%         2
c - Confusing Touch       Hex            14%        N/A       43%         3

Your spell library contained the following spells:

 Spells                   Type           Power      Damage    Failure   Level
 Tukima's Dance           Hex            14%        N/A       43%         3
 Dazzling Flash           Conj/Hex       16%        N/A       71%         3


Dungeon Overview and Level Annotations

Branches:
Dungeon (2/15)

Altars:


Innate Abilities, Weirdness & Mutations

You are small and have problems with some larger weapons.
You are completely attuned to the shadows.


Message History

You hear a shout!
You hit the gnoll.
The gnoll is moderately wounded.
Casting: Corona (safe; 19% risk of failure)
Confirm with . or Enter, or press ? or * to list all spells.
Aiming: Corona (safe; 19% risk of failure)
Press: ? - help, Shift-Dir - straight line, f - gnoll
Aim: a gnoll, wielding a +0 whip (moderately wounded, chance to affect: 58%)
You miscast Corona.
You are very lightly contaminated with residual magic.
Nothing appears to happen.
You hit the gnoll.
The gnoll is moderately wounded.
The gnoll hits you with a +0 whip.
You hit the gnoll. Lightning courses through the gnoll!
You kill the gnoll!
The gnoll hits you from afar with a +0 spear.
You hit the gnoll but do no damage. Lightning courses through the gnoll!
The gnoll is severely wounded.
The gnoll misses you.
You hit the gnoll but do no damage.
The gnoll is severely wounded.
The gnoll barely misses you. x2
You hit the gnoll. Lightning courses through the gnoll!
You kill the gnoll!
The gnoll hits you from afar with a +0 spear.
The gnoll misses you.
A gnoll comes into view. It is wielding a +0 flail.
Things that are here:
a +0 club; a +0 whip Your magical contamination has completely faded away.
The gnoll hits you with a +0 spear.
* * * LOW HITPOINT WARNING * * *
You hit the gnoll.
The gnoll is moderately wounded.
The gnoll hits you but does no damage.
You hit the gnoll but do no damage.
The gnoll is moderately wounded.
The gnoll hits you with a +0 spear!
You die...

#.##.##.#
#........#
#.##.##.#
.......<#
###.....
........##
#>..##..
..........
#.### #
#.......##
#.######
#.......#
#..)...##.#
.......#
######.##.#
##.####
#@##.# #g##.#
#g##.##
#....g######.
####.........
.:..[....###
.#######.# .#
.#


You could see 2 gnolls.

Vanquished Creatures
  2 gnolls (D:2)
  A worm (D:2)
  A dart slug (D:1)
  5 ball pythons (D:1)
  4 bats (D:1)
  A bat zombie (D:1)
  9 endoplasms
  A giant cockroach (D:1)
  5 goblins
  4 hobgoblins (D:1)
  A quokka (D:1)
  2 frilled lizards (D:1)
  3 kobolds
  A quokka zombie (D:1)
40 creatures vanquished.

Notes
Turn   | Place    | Note
-------+----------+-------------------------------------------
     0 | D:1      | Kala the Kobold Enchanter began the quest for the Orb.
     0 | D:1      | Reached XP level 1. HP: 10/10 MP: 3/3
   343 | D:1      | Reached XP level 2. HP: 12/15 MP: 1/5
   563 | D:1      | Learned a level 2 spell: Ensorcelled Hibernation
   769 | D:1      | Reached XP level 3. HP: 14/19 MP: 4/6
  1490 | D:1      | Found a faded altar of an unknown god.
  1944 | D:2      | Reached XP level 4. HP: 15/24 MP: 2/7
  1948 | D:2      | Learned a level 3 spell: Confusing Touch
  2330 | D:2      | Slain by a gnoll

Illustrated notes

Levels and vault maps discovered:
D:1:      saegor_arrival_fortress, layout_basic,
          hellmonk_ecumenical_altar_run_dry
D:2:      layout_loops_ring, serial_shops, shop

Skill      XL: |  1  2  3 |
---------------+----------+-----
Short Blades   | 2 |  2.1
Fighting       | |  0.1
Armour         | |  0.6
Dodging        | |  2.9
Stealth        | |  4.8
Spellcasting   | |  2.3
Hexes          | |  3.8

Action                   |  1- 3 |  4- 6 || total
-------------------------+-------+-------++-------
Melee: Dagger            |   119 |    16 ||   135
 Cast: Corona            |    22 |     1 ||    23
 Stab: Sleeping          |    11 |     1 ||    12
Armor: Robe              |     9 |       ||     9
       Ring mail         |    28 |     2 ||    30
Dodge: Dodged            |    87 |     7 ||    94
